 Dungeon Crawl Stone Soup version 0.26.0-10-g1f06aea511 (webtiles) character file.

Game seed: 3785033011976115088

1266 Dracia the Slicer (level 8, -3/41 HPs)
             Began as a Kobold Enchanter on Jan 17, 2021.
             Was an Initiate of Dithmenos.
             Slain by a hornet (8 damage)
             ... on level 7 of the Dungeon.
             The game lasted 00:11:30 (7916 turns).

Dracia the Slicer (Kobold Enchanter)                Turns: 7916, Time: 00:11:30

Health: -3/41      AC:  5    Str:  7    XL:     8   Next: 82%
Magic:  11/11      EV: 14    Int: 16    God:    Dithmenos [......]
Gold:   340        SH:  0    Dex: 16    Spells: 2/11 levels left

rFire    . . .     SeeInvis .   y - +4 short sword (curse)
rCold    . . .     Faith    .   (shield restricted)
rNeg     . . .     Spirit   .   n - +0 leather armour
rPois    .         Reflect  .   l - +2 hat
rElec    .         Harm     .   (no cloak)
rCorr    +         Rampage  .   (no gloves)
Will     .....                  (no boots)
Stlth    +++++.....             j - amulet of magic regeneration
HPRegen  0.13/turn              R - ring of resist corrosion
MPRegen  0.37/turn              (no ring)

@: lethally poisoned (-3 -> -7), about to teleport, slowed, very slow
A: small, nightstalker 3
a: Renounce Religion


You were on level 7 of the Dungeon.
You worshipped Dithmenos.
Dithmenos was noncommittal.
You visited 2 branches of the dungeon, and saw 8 of its levels.

You collected 340 gold pieces.


Innate Abilities, Weirdness & Mutations

You are small and have problems with some larger weapons.
You are completely attuned to the shadows.


   Skills:
 * Level 9.3 Short Blades
 - Level 2.4 Dodging
 + Level 8.1 Stealth
 - Level 2.1 Spellcasting
 + Level 5.8 Hexes


You had 2 spell levels left.
You knew the following spells:

 Your Spells              Type           Power        Failure   Level
d - Tukima's Dance        Hex            20%          9%          3
o - Confusing Touch       Hex            20%          9%          3
x - Ensorcelled Hibernat  Hex/Ice        22%          14%         2
z - Corona                Hex            22%          2%          1

Your spell library contained the following spells:

 Spells                   Type           Power        Failure   Level
 Dazzling Flash           Conj/Hex       22%          28%         3

Inventory:

Hand Weapons
 a - a +1 dagger
 y - a cursed +4 short sword (weapon)
Armour
 b - a +0 robe
 l - a +2 hat (worn)
 n - a +0 leather armour (worn)
 x - the +1 robe "Jeischeh" {rC++ Stlth-}
   (You found it on level 6 of the Dungeon)

   It greatly protects you from cold.
   It makes you less stealthy.
Jewellery
 j - an amulet of magic regeneration (around neck)
 F - an uncursed ring of protection from fire
 R - a ring of resist corrosion (left hand)
Scrolls
 c - a scroll of fear
 f - 2 scrolls of amnesia
 k - 4 scrolls of remove curse {@r2@r2}
 m - a scroll of blinking {unknown}
 r - 3 scrolls of teleportation {@r4@r4}
 u - 2 scrolls of identify {@r1@r1}
 w - 2 scrolls of magic mapping
Potions
 d - 2 potions of curing {@q1@q1}
 e - 2 potions of resistance
 g - a potion of might
 h - 3 potions of magic
 i - 3 potions of haste {unknown}
 o - a potion of berserk rage {!q!q}
 p - 3 potions of mutation {unknown}
 q - a potion of brilliance
 s - 2 potions of degeneration
 t - a potion of invisibility {unknown}
 v - 2 potions of heal wounds {@q2@q2}

Dungeon Overview and Level Annotations

Branches:
Dungeon (7/15)             Temple (1/1) D:5

Altars:
Ashenzari
Cheibriados
Dithmenos
Fedhas
Hepliaklqana
Kikubaaqudgha
Makhleb
Nemelex Xobeh
Okawaru
Qazlal
Ru
Sif Muna
Trog
Uskayaw
Vehumet
Yredelemnul
Zin
The Shining One

Shops:
D:4

[
##.###.##
.###.#
.....#
..##.####
........#
..##.####
........#
......#..
#.#.@..#.
#..yBS.#
...J....#
....#...#
.... ...#


You could see a slime creature, a hornet, an adder and a giant cockroach.


Message History

The hornet buzzes angrily.
The adder hisses angrily.
You see here 16 gold pieces.
You barely miss the hornet. The giant cockroach closely misses you.
A slime creature comes into view.
The hornet stings you!
You feel yourself slow down.
Casting: Ensorcelled Hibernation (safe; 14% risk of failure)
Confirm with . or Enter, or press ? or * to list all spells.
Okay, then.
As you read the scroll of teleportation {@r4@r4}, it crumbles to dust.
You feel strangely unstable.
You feel yourself speed up. The hornet stings you!
* * * LOW HITPOINT WARNING * * *
You are poisoned.
You feel yourself slow down. The giant cockroach closely misses you.
The adder bites you but does no damage. The hornet stings you!
* * * LOW HITPOINT WARNING * * *
You feel as though you will be slow longer.
The giant cockroach barely misses you.
Unknown command.
You feel better. The adder bites you.
* * * LOW HITPOINT WARNING * * *
You are poisoned.
The adder poisons you! The hornet closely misses you.
The giant cockroach closely misses you. The adder bites you.
* * * LOW HITPOINT WARNING * * *
The hornet stings you!
You die...

Skill      XL: |  1  2  3  4  5  6  7  8 |
---------------+-------------------------+-----
Short Blades   | 2 3 4 5 6 7 9 |  9.3
Stealth        | 5 6 7 8 |  8.1
Hexes          | 4 5 |  5.8
Dodging        | |  2.4
Spellcasting   | |  2.1

Action                   |  1- 3 |  4- 6 |  7- 9 || total
-------------------------+-------+-------+-------++-------
Melee: Dagger            |   112 |   163 |    47 ||   322
       Short sword       |       |       |    15 ||    15
 Cast: Ensorcelled Hiber |     1 |    31 |    10 ||    42
       Confusing Touch   |       |     1 |     5 ||     6
  Use: Scroll            |       |    16 |     4 ||    20
       Potion            |       |     2 |     1 ||     3
 Stab: Sleeping          |    15 |    28 |    14 ||    57
       Confused          |       |     1 |     4 ||     5
       Distracted        |       |     1 |       ||     1
Armor: Leather armour    |     9 |    28 |     6 ||    43
       Robe              |     1 |       |       ||     1
Dodge: Dodged            |    62 |   131 |    21 ||   214

Levels and vault maps discovered:
D:1:      wander_arrival_peaceful_grave, layout_loops_ring
D:2:      layout_loops_ring, yredelemnul_forgotten_temple_becter
D:3:      layout_rooms, eat_drink_and_be_merry_uskayaw,
          nicolae_overflow_hidden_temple, guppyfry_early_lair_pool
D:4:      layout_cave_pools, tgw_xom, makhleb_heckhound_becter, serial_shops,
          nicolae_shop_statue_plus
D:5:      layout_rooms, temple_statues
D:6:      layout_rooms, lemuel_coloured_pillars_altar, uniq_grinder
D:7:      gammafunk_corrupted_shrine, layout_basic, kennysheep_mini_moat,
          minivault_5, minmay_manual_moon, uniq_pikel, uniq_menkaure
Temple:   dpeg_chambers_temple

Notes
Turn   | Place    | Note
-------+----------+-------------------------------------------
     0 | D:1      | Dracia the Kobold Enchanter began the quest for the Orb.
     0 | D:1      | Reached XP level 1. HP: 10/10 MP: 3/3
   137 | D:1      | Reached skill level 2 in Short Blades
   140 | D:1      | Reached XP level 2. HP: 15/15 MP: 5/5
   335 | D:1      | Reached XP level 3. HP: 19/19 MP: 6/6
   612 | D:1      | Learned a level 2 spell: Ensorcelled Hibernation
   753 | D:2      | Reached skill level 3 in Short Blades
  1858 | D:2      | HP: 1/19 [worm (8)]
  1911 | D:1      | HP: 1/19 [hobgoblin (4)]
  1915 | D:1      | Reached XP level 4. HP: 1/24 MP: 7/7
  2299 | D:1      | Identified a potion of resistance
  2622 | D:2      | Found a basalt altar of Yredelemnul.
  3166 | D:3      | Reached skill level 4 in Short Blades
  3191 | D:3      | Reached skill level 5 in Stealth
  3191 | D:3      | Reached XP level 5. HP: 16/28 MP: 1/8
  3348 | D:3      | Found a hide-covered altar of Uskayaw.
  4027 | D:2      | HP: 2/28 [gnoll/+0 flail (9)]
  4574 | D:4      | Reached skill level 5 in Short Blades
  4574 | D:4      | Reached skill level 4 in Hexes
  4574 | D:4      | Reached XP level 6. HP: 32/32 MP: 9/9
  4603 | D:4      | Learned a level 3 spell: Confusing Touch
  4607 | D:4      | Learned a level 3 spell: Tukima's Dance
  4610 | D:4      | Found a burning altar of Makhleb.
  4789 | D:4      | Found Quroih's Armour Shop.
  5199 | D:5      | Entered Level 5 of the Dungeon
  5379 | D:5      | Found a staircase to the Ecumenical Temple.
  5412 | Temple   | Entered the Ecumenical Temple
  5627 | Temple   | Became a worshipper of Dithmenos the Shadowed
  5726 | D:5      | Reached skill level 6 in Short Blades
  5726 | D:5      | Reached skill level 6 in Stealth
  5921 | D:5      | Reached XP level 7. HP: 36/36 MP: 7/10
  6090 | D:6      | Noticed Grinder
  6095 | D:6      | Killed Grinder
  6096 | D:6      | Reached skill level 7 in Short Blades
  6096 | D:6      | Reached skill level 5 in Hexes
  6126 | D:6      | Reached skill level 7 in Stealth
  6126 | D:6      | Reached XP level 8. HP: 41/41 MP: 11/11
  6547 | D:6      | Reached skill level 8 in Short Blades
  6920 | D:6      | Got a fine robe
  6930 | D:6      | Identified the cursed +1 robe "Jeischeh" {rC++ Stlth-} (You
                  | found it on level 6 of the Dungeon)
  7090 | D:6      | Found a stormy altar of Qazlal.
  7347 | D:7      | Reached skill level 9 in Short Blades
  7357 | D:7      | Reached skill level 8 in Stealth
  7882 | D:7      | Found a broken altar of Ashenzari.
  7912 | D:7      | Noticed a hornet
  7914 | D:7      | Noticed a slime creature
  7916 | D:7      | Slain by a hornet

Vanquished Creatures
  Grinder (D:6)
  A sky beast (D:6)
  3 ogres
  A water moccasin zombie (D:6)
  2 scorpions
  4 wights (D:7)
  3 hounds
  2 bullfrog skeletons
  3 worker ants
  A worker ant zombie (D:5)
  3 gnolls
  4 adders
  A white imp (D:6)
  An ooze (D:2)
  5 worms
  A dart slug (D:1)
  2 leopard geckos
  4 orcs
  A ball python (D:5)
  2 giant cockroaches
  11 goblins
  8 hobgoblins
  8 jackals
  4 bats
  3 frilled lizards
  A leopard gecko zombie (D:6)
  A quokka skeleton (D:4)
  A quokka zombie (D:6)
  7 rats
  A spectral orc (D:2)
90 creatures vanquished.

Table legend: (Time is in decaauts)
 A = Elapsed time spent in this place.
 B = Non-inter-level travel time spent in this place.
 C = Inter-level travel time spent in this place.
 D = Time resting spent in this place.
 E = Time spent auto-exploring this place.
 F = Levels seen in this place.
 G = Mean time per level.
                   A        B        C        D        E       F      G
               +--------+--------+--------+--------+--------+-----+--------+
         Total |   7849 |   7647 |    202 |   2622 |   4047 |   8 |  981.1 |
       Dungeon |   7612 |   7442 |    170 |   2622 |   3844 |   7 | 1087.4 |
        Temple |    236 |    204 |     32 |      0 |    203 |   1 |  236.0 |
               +--------+--------+--------+--------+--------+-----+--------+

Top non-repeatable levels by time:
     D:2: 1990 daAuts
     D:3: 1259 daAuts
     D:1: 1248 daAuts
     D:5: 890 daAuts
     D:6: 852 daAuts
     D:4: 772 daAuts
     D:7: 597 daAuts
  Temple: 236 daAuts

Table legend:
 A = Non-vault XP
 B = Vault XP
 C = Vault XP percentage of total XP
 D = Non-vault monster count
 E = Vault monster count
 F = Vault count percentage of total count
                 A         B        C        D         E       F
            +---------+---------+-------+---------+---------+-------
      Total |    1465 |     344 |  19.0 |      87 |       3 |   3.3
            +---------+---------+-------+---------+---------+-------
        D:1 |      37 |       0 |   0.0 |      19 |       0 |   0.0
        D:2 |      77 |       1 |   1.3 |      15 |       1 |   6.2
        D:3 |     119 |       0 |   0.0 |      26 |       0 |   0.0
        D:4 |     116 |      43 |  27.0 |       4 |       1 |  20.0
        D:5 |     293 |       0 |   0.0 |       8 |       0 |   0.0
        D:6 |     515 |     300 |  36.8 |      10 |       1 |   9.1
        D:7 |     308 |       0 |   0.0 |       5 |       0 |   0.0
            +---------+---------+-------+---------+---------+-------
